 Dungeon Sprint DCSS version 0.31-a0-662-g684573625c (webtiles) character file.

Game seed: 7842044785411112887

5 sircluck the Ruffian (level 2, -3/31 HPs)
             Began as a Troll Berserker on Sept 2, 2023.
             Was a Believer of Trog.
             Slain by a gnoll
             ... wielding a +0 whip
              (9 damage)
             ... in the Dungeon (Sprint VI: "Thunderdome").
             The game lasted 00:00:53 (202 turns).

sircluck the Ruffian (Troll Berserker)               Turns: 202, Time: 00:00:53

Health: -3/31      AC:  4    Str: 24    XL:     2   Next: 27%
Magic:  1/1        EV: 10    Int:  3    God:    Trog [**....]
Gold:   210        SH:  0    Dex:  9    Spells: 1/1 levels left

rFire   . .          .
                       - Unarmed
rCold   . . .        (no shield)
rNeg    . . .        a - +0 animal skin
rPois   .            (helmet restricted)
rElec   .            (no cloak)
rCorr   .            (gloves unavailable)
SInv    .            (boots unavailable)
Will    .....        (no amulet)
Stlth   +            (no ring)
HPRegen 1.05/turn    (no ring)
MPRegen 0.07/turn

%: no teleportation
@: no status effects
A: large, unfitting armour, claws 3, regeneration 1, shaggy fur 1, tough skin 1
a: Renounce Religion, Berserk, Trog's Hand


You were in the Dungeon.
You worshipped Trog.
Trog was pleased with you.
You visited 1 branch You collected 210 gold pieces.

Inventory:

Armour
 a - a +0 animal skin (worn)
Wands
 i - a wand of quicksilver (5)
 j - a wand of roots (5)
Scrolls
 g - 4 scrolls of blinking
 k - 3 scrolls of fog
Potions
 b - a potion of curing
 c - 4 potions of heal wounds
 d - 4 potions of haste
 e - 2 potions of magic
 f - a potion of berserk rage
 h - a potion of resistance


   Skills:
 + Level 3.3 Fighting
 + Level 3.3 Dodging
 + Level 4.0 Unarmed Combat


You had one spell level left.
You didn't know any spells.
Your spell library was empty.

Dungeon Overview and Level Annotations

Branches:
Dungeon (1/1)

Altars:
Cheibriados
Dithmenos
Fedhas
Gozag
Kikubaaqudgha
Makhleb
Okawaru
Qazlal
Ru
Sif Muna
Trog
Uskayaw
Vehumet
Wu Jian
Xom
Yredelemnul
Zin
The Shining One
Lugonu

Shops:
D *[=??*?*:[((!!!


Innate Abilities, Weirdness & Mutations

You are too large for most types of armour.
You have claws for hands.
Your natural rate of healing is unusually fast.
You are covered in fur. (AC +1)
You have tough skin. (AC +1)


Message History

You are too confused!
You are too confused!
You are too confused!
You barely miss Sigmund. 1...
Sigmund hits you with a +2 scythe of pain!
Time's up!
The arena falls silent.
You now have 5 arena points (gained 5).
You now have 210 gold pieces (gained 10).
Found a glowing golden altar of the Shining One.
You're too confused to move!
You feel less confused.
Get ready!
ROUND 2!
FIGHT!
You sense a tension in the east.
Found a sacrificial altar of Ru.
There is a blossoming altar of Fedhas here.
There is an opulent altar of Gozag here.
There is an entrance to Giteck's Weapon Rack here.
There is an entrance to Minojud's Basic Armour here.
There is an entrance to Putautol's Miscellaneous Merchandise here.
There is an entrance to Kiliri's Premium Goods here.
A gnoll sergeant comes into view. It is wielding a +0 spear.
The gnoll sergeant shouts!
A gnoll comes into view. It is wielding a +0 whip.
Found Mivuag's Do-It-Yourself Clinic.
The gnoll shouts!
Found Zeetytod's Bottled Wisdom and Wuga's Distillery.
The gnoll sergeant hits you from afar with a +0 spear.
The gnoll sergeant barely misses you.
The gnoll sergeant hits you from afar with a +0 spear!
The gnoll sergeant completely misses you.
The gnoll sergeant hits you from afar with a +0 spear!
The gnoll sergeant closely misses you. The gnoll hits you with a +0 whip.
The gnoll sergeant hits you from afar with a +0 spear!
* * * LOW HITPOINT WARNING * * *
The gnoll barely misses you. The gnoll sergeant closely misses you.
The gnoll hits you with a +0 whip!
You die...

∩___......###......_._
........8.# #.8........∩
..........###...........
.......###...###........
.......# #.<.# #........
.......###...###........
..........###..g........
........8.# #.8.g......∩
∩___......###...@.._._∩#
#####.8.........8.######
#⌠...........⌠#
###.........###
#_........# #_......._#
#_......._# #∩.......∩#
##∩.....∩##


You could see a gnoll sergeant and a gnoll.

Vanquished Creatures
  An adder (D)
  A dart slug (D)
  A goblin (D)
  A ball python (D)
4 creatures vanquished.

Notes
Turn   | Place    | Note
-------+----------+-------------------------------------------
     0 | D        | sircluck the Troll Berserker began the quest for the Orb.
     0 | D        | Reached XP level 1. HP: 22/22 MP: 0/0
     1 | D        | Found an ancient bone altar of Kikubaaqudgha.
     1 | D        | Found a bloodstained altar of Trog.
     2 | D        | Found a radiant altar of Vehumet.
     3 | D        | Found a stormy altar of Qazlal.
     3 | D        | Found a glowing silver altar of Zin.
     4 | D        | Found a hide-covered altar of Uskayaw.
     4 | D        | Found Eqeaj's Staff Store.
     4 | D        | Found Niemanep's Magic Scroll Shop.
     5 | D        | Found a corrupted altar of Lugonu.
     5 | D        | Found Puohelam's Must-Have Magic.
     5 | D        | Found Zieffu's Magic Scroll Shop.
     5 | D        | Round 1.
    93 | D        | Reached ** piety under Trog
    94 | D        | Reached skill level 4 in Unarmed Combat
    94 | D        | Reached XP level 2. HP: 23/31 MP: 1/1
   117 | D        | Found a basalt altar of Yredelemnul.
   121 | D        | Found a shimmering blue altar of Sif Muna.
   121 | D        | Found a shadowy altar of Dithmenos.
   121 | D        | Found Ylied's Timeless Talismans.
   121 | D        | Found Hufen's Jewellery.
   122 | D        | Found Luiser's Advanced Armour.
   128 | D        | Found Diuc's Identification Station.
   128 | D        | Found a snail-covered altar of Cheibriados.
   128 | D        | Found an iron altar of Okawaru.
   128 | D        | Found a burning altar of Makhleb.
   141 | D        | Found an ornate altar of the Wu Jian Council.
   143 | D        | Found a shimmering altar of Xom.
   143 | D        | Found Kiliri's Premium Goods.
   143 | D        | Found Putautol's Miscellaneous Merchandise.
   144 | D        | Found Minojud's Basic Armour.
   146 | D        | Noticed Sigmund
   147 | D        | Found a blossoming altar of Fedhas.
   147 | D        | Found an opulent altar of Gozag.
   147 | D        | Found Giteck's Weapon Rack.
   152 | D        | Arena points: 5 (+5) [x1]
   154 | D        | Found a glowing golden altar of the Shining One.
   167 | D        | Round 2.
   168 | D        | Found a sacrificial altar of Ru.
   189 | D        | Noticed a gnoll sergeant
   194 | D        | Found Mivuag's Do-It-Yourself Clinic.
   195 | D        | Found Zeetytod's Bottled Wisdom.
   195 | D        | Found Wuga's Distillery.
   202 | D        | Slain by a gnoll

Illustrated notes

Levels and vault maps discovered:
D:        arena_sprint

Skill      XL: |  1 |
---------------+----+-----
Fighting       | 3 |  3.3
Dodging        | 3 |  3.3
Unarmed Combat | 4 |  4.0

Action                     || total
---------------------------++-------
  Melee: Unarmed           ||    13
 Armour: Animal skin       ||    17
  Dodge: Dodged            ||     7

Table legend: (Time is in decaauts)
 A = Elapsed time spent in this place.
 B = Non-inter-level travel time spent in this place.
 C = Inter-level travel time spent in this place.
 D = Time resting spent in this place.
 E = Time spent auto-exploring this place.
 F = Levels seen in this place.
 G = Mean time per level.
                   A        B        C        D        E       F      G
               +--------+--------+--------+--------+--------+-----+--------+
         Total |    201 |    201 |      0 |     60 |     70 |   1 |  201.0 |
       Dungeon |    201 |    201 |      0 |     60 |     70 |   1 |  201.0 |
               +--------+--------+--------+--------+--------+-----+--------+

Top non-repeatable levels by time:
       D: 201 daAuts
